[Event "22nd Hoogeveen Open 2018"]
[Site "Hoogeveen"]
[Date "2018.10.20"]
[Round "1"]
[White "Emans, Job"]
[Black "Hamblok, Roel"]
[Result "0-1"]
[ECO "E11"]
[WhiteElo "1927"]
[BlackElo "2275"]
[Annotator "NA"]
[PlyCount "90"]
[EventDate "2018.10.20"]
[EventType "swiss"]
[EventCountry "NED"]
[SourceTitle "playchess.com"]
[Source "ChessBase"]
[SourceQuality "1"]
[TimeControl "40/5400+30:1800+30"]

1. d4 Nf6 2. c4 e6 3. Nf3 Bb4+ 4. Bd2 Qe7 5. g3 Nc6 6. Bg2 Bxd2+ 7. Nbxd2 d6 8. e4 e5 9. d5 Nb8 10. O-O a5 11. Rc1 {[%emt 0:04:52] E11: Bogo-Indian} (11. Ne1 O-O 12. Nd3 Bg4 13. Qc2 Be2 14. Rfe1 Bxd3 15. Qxd3 c6 16. h3 Nbd7 17. b3 cxd5 18. exd5 Qd8 19. g4 h6 20. Qe3 Qb6 {1-0 (120) Li,C (2720)-Henriquez Villagra,C (2517) Doha 2016}) 11... Nbd7 $146 ({Predecessor:} 11... O-O 12. Ne1 Bg4 13. Bf3 Bh3 14. Bg2 Bg4 15. f3 Bd7 16. Nd3 Na6 17. Qe2 Nb4 18. a3 Nxd3 19. Qxd3 {0-1 (70) Varga,P (2390)-Horvath,G (2480) Hungary 1998}) 12. Qc2 O-O 13. Ne1 Nc5 14. Nd3 Nfd7 15. f4 Nxd3 16. Qxd3 Nc5 17. Qe3 Bd7 18. Rce1 f6 19. f5 b5 20. b3 Rfb8 21. cxb5 Bxb5 22. Rf3 Be8 23. Qc3 Rb7 24. Nc4 Rba7 25. Bf1 Qd8 26. Rfe3 Qb8 27. Rc1 Qb4 28. Qc2 Rb8 29. a3 $11 Qb7 30. Nxa5 Rxa5 31. b4 Ba4 32. Qc3 Nb3 33. bxa5 Nxc1 34. Qxc1 Qa7 35. a6 Bb5 36. Bxb5 Rxb5 37. Kg2 Qxa6 38. Rc3 Qa4 39. Rxc7 Qxe4+ 40. Kg1 Qxf5 41. Rc2 h5 42. Qd1 e4 43. Qe2 Qxd5 44. Rc8+ Kh7 45. Re8 Qd4+ 0-1

[Event "22nd Hoogeveen Open 2018"]
[Site "Hoogeveen"]
[Date "2018.10.20"]
[Round "1"]
[White "Bleeker, Kasper"]
[Black "Kokje, Joris"]
[Result "0-1"]
[ECO "B22"]
[WhiteElo "1891"]
[BlackElo "2232"]
[Annotator "NA"]
[PlyCount "134"]
[EventDate "2018.10.20"]
[EventType "swiss"]
[EventCountry "NED"]
[SourceTitle "playchess.com"]
[Source "ChessBase"]
[SourceQuality "1"]
[TimeControl "40/5400+30:1800+30"]

1. e4 c5 2. d4 cxd4 3. c3 Nf6 4. e5 Nd5 5. cxd4 Nc6 6. Nf3 d6 7. Be2 dxe5 8. dxe5 Bg4 {[%emt 0:02:25] B22: Sicilian: 2 c3} (8... e6 9. O-O Be7 10. Nbd2 O-O 11. Nc4 Qc7 12. Qc2 Bd7 13. Qe4 b5 14. Ne3 Ncb4 15. a3 Nxe3 16. Bxe3 {½-½ (65) Savic,M (2539)-Kovacevic,A (2571) Vrnjacka Banja 2013}) 9. O-O e6 10. Qa4 Bh5 11. Bg5 $146 ({Predecessor:} 11. Nc3 Nxc3 12. bxc3 Be7 13. g4 Bg6 14. Bb5 O-O 15. Bxc6 bxc6 16. Nd4 {½-½ (59) Miethe,C (1712)-Scharlow,S (1776) Germany 2016}) 11... Qd7 12. Nbd2 h6 13. Bh4 Bb4 14. Rad1 O-O 15. Kh1 Nxe5 16. Bb5 Nc6 17. Ne4 Qc7 18. Qb3 Qf4 19. Bxc6 bxc6 20. Rd4 Qb8 21. Qc2 Qb6 22. Rc4 Bxf3 23. gxf3 f5 24. Nc5 Bxc5 25. Rxc5 Rac8 26. Rc1 Qc7 27. Rxc6 Qxc6 28. Qxc6 Rxc6 29. Rxc6 g5 30. Rxe6 Rf6 31. Re5 Nb6 32. Bg3 f4 33. Kg2 fxg3 34. fxg3 Rd6 35. Rb5 Kf7 36. h4 gxh4 37. gxh4 a6 38. Rb4 Nd5 39. Rb7+ Kf6 40. Kg3 Ne3 41. b4 Nf5+ 42. Kh3 Ke5 43. b5 axb5 44. Rxb5+ Kf4 45. Rb3 Ne3 46. Rb8 Kxf3 47. Rf8+ Ke4 48. a4 Ra6 49. Re8+ Kf4 50. Rf8+ Nf5 51. Rg8 Rc6 52. Rg4+ Kf3 53. Rb4 Rc1 54. Kh2 Ne3 55. Rb3 Ra1 56. Rd3 Rxa4 57. Kh3 Ra1 58. Kh2 Rb1 59. Ra3 h5 60. Rd3 Rc1 61. Ra3 Re1 62. Rb3 Kf2 63. Rb2+ Re2 64. Rxe2+ Kxe2 65. Kg3 Nd5 66. Kg2 Ke3 67. Kg3 Ne7 0-1

[Event "22nd Hoogeveen Open 2018"]
[Site "Hoogeveen"]
[Date "2018.10.20"]
[Round "1"]
[White "Husers, Yannic"]
[Black "Sparenberg, Erik"]
[Result "0-1"]
[ECO "C44"]
[WhiteElo "1866"]
[BlackElo "2224"]
[Annotator "NA"]
[PlyCount "78"]
[EventDate "2018.10.20"]
[EventType "swiss"]
[EventCountry "NED"]
[SourceTitle "playchess.com"]
[Source "ChessBase"]
[SourceQuality "1"]
[TimeControl "40/5400+30:1800+30"]

1. e4 e5 2. Nf3 Nc6 3. c3 Nf6 4. d4 d6 5. d5 Nb8 6. Bd3 Be7 7. O-O O-O 8. h3 a5 {[%emt 0:05:31] C44: Ponziani Opening and Scotch Gambit} (8... Nbd7 9. Be3 Nh5 10. c4 {½-½ (10) Huemmer,B (2237)-Lorenz,G (2347) Germany 2002}) 9. a4 Na6 10. Nbd2 $146 ({Predecessor:} 10. Be3 c6 11. dxc6 bxc6 12. Nbd2 Nd7 13. Bc4 Nb6 14. Ba2 Kh8 15. b4 axb4 16. a5 {1-0 (42) Jahn,C (2175)-Naung,K Subotica 1991}) 10... c6 11. c4 Nd7 12. g4 Ndc5 13. Bb1 Nb4 14. Ra3 cxd5 15. exd5 f5 16. Nh2 Bg5 17. Ndf3 Bxc1 18. Qxc1 fxg4 19. hxg4 Rf4 20. g5 Bd7 21. Kh1 Bxa4 22. Rc3 Qe7 23. Ng1 $19 Raf8 24. Nh3 Rh4 25. Qe3 Bd7 26. Ng1 Rff4 27. Ngf3 Rh3 28. Qd2 Bg4 29. Kg2 Qd7 30. Ng1 Rh5 31. Rg3 Bf5 32. Qd1 g6 33. Bxf5 Qxf5 34. Nh3 Rd4 35. Qc1 Nbd3 36. Qc3 Rdh4 37. Qxa5 Rxh3 38. Qd8+ Kf7 39. Ng4 Nf4+ 0-1

[Event "22nd Hoogeveen Open 2018"]
[Site "Hoogeveen"]
[Date "2018.10.20"]
[Round "1"]
[White "Van der Hagen, Loek"]
[Black "Murray, David"]
[Result "1-0"]
[ECO "B48"]
[WhiteElo "1820"]
[BlackElo "2222"]
[Annotator "NA"]
[PlyCount "119"]
[EventDate "2018.10.20"]
[EventType "swiss"]
[EventCountry "NED"]
[SourceTitle "playchess.com"]
[Source "ChessBase"]
[SourceQuality "1"]
[TimeControl "40/5400+30:1800+30"]

1. e4 c5 2. Nf3 Nc6 3. d4 cxd4 4. Nxd4 Qc7 5. Nc3 e6 6. Be3 a6 7. Qd2 Nf6 8. f3 Bb4 9. O-O-O O-O {[%emt 0:01:30] B48: Sicilian: Taimanov: 5 Nc3 Qc7 6 Be3 a6 without Be2} 10. g4 b5 11. h4 Nxd4 $146 ({Predecessor:} 11... Ne5 12. a3 Be7 13. h5 b4 14. Na2 bxa3 15. b3 Bb7 16. g5 Ne8 17. Rg1 {0-1 (33) Kritz,L (2596)-Damljanovic,B (2608) Heraklio 2007}) 12. Qxd4 Qa5 13. Kb1 d6 14. h5 Bb7 15. g5 Nd7 16. g6 e5 17. Qd2 Rac8 18. h6 fxg6 19. hxg7 Rf7 20. Qh2 Rxg7 21. Nd5 Bxd5 22. exd5 Nf8 23. Bd3 Qc7 24. Bh6 Rf7 25. Bxf8 Kxf8 26. Bxg6 hxg6 27. Qh8+ Ke7 28. Qh4+ Ke8 29. Qxb4 Qxc2+ 30. Ka1 Kd7 31. Qa5 Rxf3 32. Qxa6 g5 33. Qxb5+ Ke7 34. Rh7+ Kf6 35. Rh6+ Kf5 36. Qd7+ Kf4 37. Rf6+ Ke3 38. Rxf3+ Kxf3 39. Qh3+ Ke2 40. Qf1+ Ke3 41. Qh3+ Ke2 42. Qg4+ Kf2 43. Qg1+ Kf3 44. Rf1+ Ke4 45. Qg4+ Kxd5 46. Rd1+ Qxd1+ 47. Qxd1+ Kc6 48. Qg4 Rf8 49. a3 Kd5 50. Qxg5 Ke4 51. Qg6+ Kd5 52. Kb1 e4 53. Qg5+ Kc4 54. Qc1+ Kd4 55. Qd2+ Ke5 56. Qc3+ Ke6 57. a4 d5 58. a5 $18 Rd8 59. Qd4 Rd6 60. b4 1-0

[Event "22nd Hoogeveen Open 2018"]
[Site "Hoogeveen"]
[Date "2018.10.21"]
[Round "2"]
[White "Beerdsen, Thomas"]
[Black "Blagojevic, Tijana"]
[Result "1-0"]
[ECO "C45"]
[WhiteElo "2460"]
[BlackElo "2232"]
[Annotator "ChessBase"]
[PlyCount "151"]
[EventDate "2018.10.20"]
[EventType "swiss"]
[EventCountry "NED"]
[SourceTitle "playchess.com"]
[Source "ChessBase"]
[SourceQuality "1"]
[TimeControl "40/5400+30:1800+30"]

1. e4 e5 2. Nf3 Nc6 3. d4 exd4 4. Nxd4 Nf6 5. Nxc6 bxc6 6. e5 Qe7 7. Qe2 Nd5 8. h4 g6 9. Bg5 Qe6 10. c4 Nb6 11. Bf6 Rg8 12. Nd2 d5 13. O-O-O Nd7 14. Nb3 Nxf6 15. Nd4 Qg4 16. exf6+ Qxe2 17. Bxe2 c5 18. Nb5 Bh6+ 19. Kb1 Bf5+ 20. Ka1 O-O-O 21. Rxd5 a6 22. Nc3 Rge8 23. Bf3 Bd2 24. Rd1 Rxd5 25. Bxd5 Bxc3 26. bxc3 Re2 27. Bf3 Rxf2 28. Re1 h5 29. a4 Bg4 30. Re8+ Kd7 31. Re7+ Kd6 32. Bxg4 hxg4 33. Rxf7 Rxg2 34. Rg7 Ke6 35. Rxg6 Kf7 36. h5 g3 37. a5 c6 38. Kb1 Rg1+ 39. Kb2 Rg2+ 40. Ka3 Rg1 41. Kb3 Rb1+ 42. Kc2 Rg1 43. Kd2 g2 44. Ke3 Rh1 45. Rxg2 Rxh5 46. Rg7+ Kxf6 47. Rc7 Rh3+ 48. Ke4 Rh4+ 49. Kd3 Rh3+ 50. Kc2 Ke6 51. Rxc6+ Kd7 52. Rxa6 Kc7 53. Ra7+ Kc6 54. Rg7 Rh2+ 55. Kb3 Rh1 56. Rg6+ Kb7 57. Ka4 Rb1 58. a6+ Ka7 59. Ka5 Rb3 60. Rg7+ Ka8 61. Rc7 Ra3+ 62. Kb6 Rb3+ 63. Kxc5 Rxc3 64. Rh7 Ra3 65. Rh6 Ka7 66. Kd5 Rd3+ 67. Kc6 Rg3 68. Rd6 Kxa6 69. Kc7+ Ka7 70. c5 Rh3 71. c6 Rh7+ 72. Kc8 Rh8+ 73. Rd8 Rh6 74. c7 Rh7 75. Rd1 Kb6 76. Kb8 1-0

[Event "22nd Hoogeveen Open 2018"]
[Site "Hoogeveen"]
[Date "2018.10.21"]
[Round "2"]
[White "Den Hartog, Marijn"]
[Black "Achuthan, Dylan"]
[Result "1-0"]
[ECO "E60"]
[WhiteElo "2296"]
[BlackElo "1751"]
[Annotator "NA"]
[PlyCount "51"]
[EventDate "2018.10.20"]
[EventType "swiss"]
[EventCountry "NED"]
[SourceTitle "playchess.com"]
[Source "ChessBase"]
[SourceQuality "1"]
[TimeControl "40/5400+30:1800+30"]

1. d4 Nf6 2. c4 g6 3. g3 Bg7 4. Bg2 c5 5. d5 d6 {[%emt 0:00:47] LiveBook: 118 Games} 6. e4 O-O 7. Ne2 Nbd7 8. O-O Rb8 {[%emt 0:02:16] E60: King's Indian: Unusual lines and Fianchetto Variation without Nc3} 9. a4 a6 10. Na3 $146 ({Predecessor:} 10. Nbc3 Ne8 11. Qc2 Nc7 {1-0 (34) Burmakin,V (2579)-La Manna,A (2193) Arco 2012}) 10... Re8 11. Nc3 Nf8 12. Qd3 Qc7 13. h3 Bd7 14. Bd2 Rbd8 15. f4 h5 16. Rae1 e6 17. e5 N6h7 18. exd6 (18. Qf3 $16) 18... Qxd6 19. Ne4 Qb6 20. Kh2 exd5 (20... Bxa4 $15 21. Be3 exd5 22. cxd5 Bd4) 21. cxd5 Bxa4 22. f5 Bb3 23. d6 Nd7 24. fxg6 fxg6 25. Ng5 Ne5 $18 (25... Nxg5 {keeps fighting.} 26. Bxg5 Kh7) 26. Bd5+ 1-0

[Event "22nd Hoogeveen Open 2018"]
[Site "Hoogeveen"]
[Date "2018.10.21"]
[Round "2"]
[White "Ojas Kulkarni"]
[Black "Thrish Karthik"]
[Result "1-0"]
[ECO "E61"]
[WhiteElo "2254"]
[BlackElo "2116"]
[Annotator "NA"]
[PlyCount "55"]
[EventDate "2018.10.20"]
[EventType "swiss"]
[EventCountry "NED"]
[SourceTitle "playchess.com"]
[Source "ChessBase"]
[SourceQuality "1"]
[TimeControl "40/5400+30:1800+30"]

1. c4 d6 2. g3 g6 3. Bg2 Bg7 4. Nc3 Nf6 5. e3 O-O 6. Nge2 c6 7. d4 Nbd7 8. b3 {[%emt 0:01:59] LiveBook: 5 Games E61: King's Indian: Early deviations for White, including Smyslov System} Qc7 (8... Rb8 9. O-O Re8 10. a4 a5 11. Ba3 Nf8 12. Qd2 Ne6 13. Rad1 Bd7 14. h3 b5 15. cxb5 cxb5 16. Nxb5 Bxb5 17. axb5 Rxb5 {½-½ (82) Wang,Y (2736)-Nguyen,N (2567) Beijing 2008}) 9. Bb2 Rd8 10. O-O e5 11. d5 c5 $146 (11... Nc5 $11 {remains equal.}) ({Predecessor:} 11... a6 12. Qd2 c5 13. a4 Re8 14. e4 Nf8 15. h3 Re7 16. f4 exf4 17. gxf4 Ne8 {½-½ (44) Shagbazyan,T (2406)-Obolentseva,A (2283) Voronezh 2017}) 12. Qd2 Nf8 13. e4 h5 14. f4 exf4 15. gxf4 Qe7 16. Rae1 h4 17. e5 dxe5 18. fxe5 Ng4 19. Nf4 Nxe5 20. Nd3 h3 21. Nxe5 Bxe5 22. Rxe5 Qxe5 23. Ne4 hxg2 24. Nf6+ Kg7 25. Bxe5 gxf1=Q+ 26. Kxf1 Nh7 27. Qf4 (27. Nxh7+ $142 f6 28. Bxf6+ Kxh7 29. Bxd8 Bf5 30. Qe3 Bd3+ 31. Kg2 Bf5 32. Bf6) 27... Bf5 28. Nxh7+ $18 (28. Qh4 $142 Ng5 29. d6 Rxd6 30. Ne8+ Kf8 31. Nxd6 Bd3+ 32. Kf2 Ne4+ 33. Nxe4 Bxe4 34. Qh8+ Ke7 35. Qxa8) 1-0

[Event "22nd Hoogeveen Open 2018"]
[Site "Hoogeveen"]
[Date "2018.10.21"]
[Round "2"]
[White "Murray, David"]
[Black "Mijnheer, Peter"]
[Result "1-0"]
[ECO "C96"]
[WhiteElo "2222"]
[BlackElo "2092"]
[Annotator "NA"]
[PlyCount "89"]
[EventDate "2018.10.20"]
[EventType "swiss"]
[EventCountry "NED"]
[SourceTitle "playchess.com"]
[Source "ChessBase"]
[SourceQuality "1"]
[TimeControl "40/5400+30:1800+30"]

1. e4 e5 2. Nf3 Nc6 3. Bb5 a6 4. Ba4 Nf6 5. O-O Be7 6. Re1 b5 7. Bb3 d6 8. c3 O-O 9. h3 {[%emt 0:01:00] LiveBook: 20151 Games} Na5 10. Bc2 c5 11. d4 Nd7 12. a4 b4 {[%emt 0:15:35] C96: Closed Ruy Lopez: Chigorin Defence: 11 d4, replies other than 11...Qc7} 13. Nbd2 Rb8 {[%emt 0:01:12] [#]} 14. Bd3 $146 ({Predecessor:} 14. Nf1 b3 15. Bd3 exd4 16. cxd4 c4 17. Be2 c3 18. Ng3 Nf6 19. Bd3 Nc6 20. d5 {0-1 (37) Quesada Perez,Y (2627)-Caruana,F (2811) chess.com INT 2018}) 14... bxc3 15. bxc3 cxd4 16. cxd4 exd4 17. Nxd4 Ne5 18. Bf1 Bf6 19. Ba3 Nd3 20. Bxd3 Bxd4 21. Rb1 Rxb1 22. Bxb1 Qb6 23. Qe2 Be6 24. Bd3 Rd8 25. Rb1 Qa7 26. Nf3 Nc6 27. Kf1 (27. Nxd4 $16 Qxd4 28. Qc2 (28. Bxa6 Qxa4 29. Bc1 d5 $14)) 27... a5 28. Bb5 Ne5 29. Nxd4 Qxd4 30. Rd1 Qc3 31. Rxd6 Rxd6 32. Bxd6 Bc4 33. Bxc4 Qc1+ 34. Qe1 Qxc4+ 35. Kg1 Nd3 36. Qxa5 h6 37. Qa8+ Kh7 38. Qd5 Qc2 39. Qxf7 Qd1+ 40. Kh2 Nxf2 41. Qf5+ Kh8 42. e5 $18 Qd4 43. Qf8+ Kh7 44. e6 Ne4 45. Qf5+ 1-0

[Event "22nd Hoogeveen Open 2018"]
[Site "Hoogeveen"]
[Date "2018.10.21"]
[Round "2"]
[White "Wedda, Dries"]
[Black "Shakhverdian, William"]
[Result "1-0"]
[ECO "A65"]
[WhiteElo "2216"]
[BlackElo "1903"]
[Annotator "NA"]
[PlyCount "93"]
[EventDate "2018.10.20"]
[EventType "swiss"]
[EventCountry "NED"]
[SourceTitle "playchess.com"]
[Source "ChessBase"]
[SourceQuality "1"]
[TimeControl "40/5400+30:1800+30"]

1. d4 Nf6 2. c4 g6 3. Nc3 Bg7 4. e4 d6 5. Nge2 O-O 6. Ng3 c5 7. d5 e6 8. Be2 exd5 9. cxd5 a6 10. a4 h5 {[%emt 0:00:18] A65: Modern Benoni: 6 e4} 11. Bg5 {[%emt 0:07:48] LiveBook: 32 Partien} Qc7 12. Qd2 Nbd7 13. O-O Nh7 (13... Rb8 14. f4 Nh7 15. Bh4 c4 16. Kh1 b5 17. axb5 axb5 18. b4 {1-0 (36) Le,Q (2736)-Sivuk,V (2526) Hanoi 2018}) 14. Bh6 h4 15. Bxg7 Kxg7 16. Nh1 h3 (16... g5 $142) {Predecessor:} 17. g3 $146 Ne5 18. f4 Ng4 19. Bxg4 Bxg4 {[%emt 0:00:07] 1-0 (33) Martinez Martin,D (2407)-Kuhne,D (2131) Caleta 2015} 20. f5 gxf5 21. exf5 f6 22. Rf4 Bh5 23. Rh4 $2 (23. Nf2 $18) 23... Ng5 24. Rf1 Rh8 $1 25. Rhf4 Rae8 $15 26. g4 Bf7 27. Ng3 Re5 28. Nge4 Nxe4 29. Rxe4 Rxe4 30. Nxe4 Rh4 31. Nxf6 Kxf6 32. Qc3+ Ke7 33. Qe1+ Kf8 34. Qxh4 Bxd5 35. Qh8+ Bg8 36. Re1 Qc6 37. Qf6+ Bf7 38. Qh8+ Bg8 39. Qh6+ Kf7 40. Qxh3 Qxa4 41. Qh5+ Kf8 42. Qh6+ Kf7 43. Qg6+ Kf8 44. Qxd6+ Kg7 45. Re7+ Bf7 46. Qg6+ Kh8 47. Qf6+ 1-0

[Event "22nd Hoogeveen Open 2018"]
[Site "Hoogeveen"]
[Date "2018.10.21"]
[Round "2"]
[White "Li, Henry"]
[Black "Bertholee, Rob"]
[Result "1-0"]
[ECO "B76"]
[WhiteElo "2207"]
[BlackElo "2334"]
[Annotator "NA"]
[PlyCount "51"]
[EventDate "2018.10.20"]
[EventType "swiss"]
[EventCountry "NED"]
[SourceTitle "playchess.com"]
[Source "ChessBase"]
[SourceQuality "1"]
[TimeControl "40/5400+30:1800+30"]

1. e4 c5 2. Nf3 Nc6 3. d4 cxd4 4. Nxd4 g6 5. Nc3 Bg7 6. Be3 Nf6 7. Bc4 O-O 8. Bb3 d6 9. f3 Bd7 10. h4 h5 11. Qd2 {[%emt 0:04:45] LiveBook: 92 Games B76: Sicilian Dragon: Yugoslav Attack, 9 g4 and 9 0-0-0} Nxd4 (11... Rc8 12. O-O-O Ne5 13. Bg5 Rc5 14. Kb1 Re8 15. g4 hxg4 16. f4 Nc4 17. Qd3 Na5 18. Bxf6 exf6 19. Bd5 Nc6 20. Nxc6 bxc6 21. Bxf7+ Kxf7 22. Qxd6 Rxc3 23. Qxd7+ Qxd7 24. Rxd7+ {½-½ (47) Vachier Lagrave,M (2789)-Nakamura,H (2781) London 2017}) 12. Bxd4 b5 13. g4 e5 ({Better is} 13... e6 $14) 14. Be3 hxg4 {[%emt 0:00:08] [#]} 15. Bg5 $1 gxf3 16. h5 gxh5 17. Rxh5 $146 ({Predecessor:} 17. O-O-O Bg4 18. Rdg1 b4 19. Nd5 Nxe4 20. Rxg4 Nxd2 21. Bxd8 Rfxd8 22. Rxh5 f2 23. Ne3 Nxb3+ 24. axb3 f5 25. Rxf5 Rf8 {0-1 (25) Kraemer,M (2274)-Brendel,O (2389) Germany 2010}) 17... Qb6 18. Be3 Qb7 $2 ({Don't play} 18... Nxh5 $6 19. Bxb6 axb6 20. Qxd6 $16) (18... Qd8 19. Rh1 b4) 19. Rg5 Rfc8 (19... Nxe4 20. Nxe4 Qxe4 21. O-O-O $18) (19... Be6 $142 20. Qxd6 Qb8) 20. O-O-O Rxc3 21. Rxg7+ Kxg7 22. Bh6+ Kh7 23. Bf8 Rxf8 24. Rh1+ Bh3 25. Rxh3+ Kg7 26. Qg5# 1-0

[Event "22nd Hoogeveen Open 2018"]
[Site "Hoogeveen"]
[Date "2018.10.21"]
[Round "2"]
[White "Giacomini, Hector"]
[Black "Verhoef, Pieter"]
[Result "1-0"]
[ECO "D04"]
[WhiteElo "2178"]
[BlackElo "2058"]
[Annotator "NA"]
[PlyCount "119"]
[EventDate "2018.10.20"]
[EventType "swiss"]
[EventCountry "NED"]
[SourceTitle "playchess.com"]
[Source "ChessBase"]
[SourceQuality "1"]
[TimeControl "40/5400+30:1800+30"]

1. Nf3 c5 2. e3 d5 3. d4 Nf6 4. c3 Qc7 5. Nbd2 Nbd7 6. Bd3 g6 7. O-O Bg7 8. Re1 O-O 9. e4 {[%emt 0:01:06] D04: Colle System} (9. h3 b6 10. Rb1 c4 11. Bc2 Bb7 12. e4 dxe4 13. Nxe4 Nd5 14. Bg5 h6 15. Bd2 Qc6 16. Qc1 f5 {½-½ (66) Zuluaga Mancilla,C (2314)-Milos,G (2589) Mendes 2009}) 9... cxd4 10. cxd4 dxe4 11. Nxe4 Nxe4 12. Bxe4 Nf6 13. Bd3 b6 14. Bg5 $146 ({Predecessor:} 14. Qe2 e6 15. Bg5 Nd5 16. Rac1 Qd6 {0-1 (44) Hernandez Bonilla,A (2044)-Sachdev,T (2400) Batumi 2018}) 14... Bb7 15. Qe2 e6 16. Ba6 h6 17. Rac1 Qe7 18. Bh4 Rac8 19. a3 Rfd8 20. Rxc8 Rxc8 21. d5 g5 22. d6 Bxa6 23. Qxa6 Qd8 24. Bg3 Rc5 25. Qxa7 Nh5 (25... Ne8 $1 $14) 26. Ne5 Bxe5 27. Bxe5 Nf4 28. Qe7 $18 Qxe7 29. dxe7 Rc8 30. Bxf4 gxf4 31. Rd1 Kg7 32. Kf1 Kf6 33. Rd7 Re8 34. Rb7 Rxe7 35. Rxb6 Rc7 36. Rd6 Rc2 37. b4 Ra2 38. Rd3 e5 39. Rb3 e4 40. b5 Ra1+ 41. Ke2 Ra2+ 42. Ke1 Ra1+ 43. Kd2 Ra2+ 44. Kc3 e3 45. fxe3 fxe3 46. Kb4 e2 47. Re3 Rb2+ 48. Ka5 Rd2 49. a4 Kf5 50. Re7 h5 51. Kb4 Rd4+ 52. Kc3 Rxa4 53. Rxe2 Kg4 54. b6 Ra8 55. Kb4 f5 56. Kb5 h4 57. Re3 f4 58. Rb3 h3 59. gxh3+ Kf5 60. b7 1-0

[Event "22nd Hoogeveen Open 2018"]
[Site "Hoogeveen"]
[Date "2018.10.21"]
[Round "2"]
[White "Ingebretsen, Jens E"]
[Black "Boersma, Jan"]
[Result "1-0"]
[ECO "B36"]
[WhiteElo "2160"]
[BlackElo "2047"]
[Annotator "NA"]
[PlyCount "119"]
[EventDate "2018.10.20"]
[EventType "swiss"]
[EventCountry "NED"]
[SourceTitle "playchess.com"]
[Source "ChessBase"]
[SourceQuality "1"]
[TimeControl "40/5400+30:1800+30"]

1. e4 c5 2. Nf3 g6 3. c4 Nc6 4. d4 cxd4 5. Nxd4 Nf6 6. Nc3 d6 7. Be2 Nxd4 8. Qxd4 Bg7 9. Be3 Be6 10. O-O O-O 11. Qd2 Qa5 12. Rab1 Rfc8 13. b3 a6 14. Rfc1 {[%emt 0:10:35] B36: Sicilian: Maroczy Bind: Gurgenidze System} Qd8 15. f3 {[%emt 0:01:50] LiveBook: 15 Games} Qf8 16. Bf1 $146 ({Predecessor:} 16. a4 Nd7 17. Nd5 Bxd5 18. Qxd5 Rc7 19. a5 Bh6 20. Qd2 Bxe3+ 21. Qxe3 {0-1 (94) Schwarz,D (2216)-Perelshteyn,E (2601) Reno 2006}) 16... Nd7 17. Nd5 Bxd5 18. exd5 a5 19. Re1 Rc7 20. Rbc1 b6 21. Qf2 Nc5 22. Rc2 Rac8 23. Qe2 Bf6 24. Rb1 Qg7 25. Qd2 h5 26. Kh1 Kh7 $14 27. a3 Nd7 28. Bd3 Nc5 29. b4 Na4 30. f4 Kg8 31. f5 g5 32. bxa5 bxa5 33. Qxa5 Nb2 34. Be2 Nxc4 35. Qb4 Nxe3 36. Rxc7 Rxc7 37. Qb8+ Kh7 38. Qxc7 Nxd5 39. Qc4 Nc3 40. Rb7 d5 41. Qd3 g4 42. Rc7 Ne4 43. Qxd5 Nf2+ 44. Kg1 Bd4 45. Kf1 Bb6 46. Rc1 Qf6 47. g3 e6 48. Qb5 Be3 49. Re1 e5 50. Qd7 Kg7 51. Bc4 Bd4 52. Kg2 Nh3 53. a4 Ng5 54. a5 h4 55. gxh4 Nf3 56. Re4 Nxh4+ 57. Kh1 Nxf5 58. Rxg4+ Kh6 59. Qxf7 Qc6+ 60. Rg2 1-0

[Event "22nd Hoogeveen Open 2018"]
[Site "Hoogeveen"]
[Date "2018.10.21"]
[Round "2"]
[White "Rubingh, Otto"]
[Black "Biermann, Florian"]
[Result "1/2-1/2"]
[ECO "E61"]
[WhiteElo "2154"]
[BlackElo "2024"]
[Annotator "NA"]
[PlyCount "68"]
[EventDate "2018.10.20"]
[EventType "swiss"]
[EventCountry "NED"]
[SourceTitle "playchess.com"]
[Source "ChessBase"]
[SourceQuality "1"]
[TimeControl "40/5400+30:1800+30"]

1. d4 Nf6 2. Nf3 g6 3. c4 Bg7 4. Nc3 O-O 5. Bg5 {[%emt 0:00:21] LiveBook: 2096 Games} c5 6. Qd2 {[%emt 0:01:11] E61: King's Indian: Early deviations for White, including Smyslov System} (6. d5 d6 7. e3 a6 8. Nd2 h6 9. Bh4 e6 10. a4 exd5 11. cxd5 Nbd7 12. Be2 Qe7 13. O-O Ne5 14. h3 g5 15. Bg3 Bf5 {½-½ (45) Hansen,S (2590)-Van Kampen,R (2643) Germany 2016}) 6... cxd4 7. Nxd4 Nc6 8. e3 Nxd4 9. exd4 d5 10. Bxf6 Bxf6 11. Nxd5 $146 ({Predecessor:} 11. cxd5 e6 12. Be2 {½-½ (12) Berndt,K (2233)-Rohde,W (2233) Germany 2005}) 11... Bg7 12. Rd1 Bg4 13. f3 Be6 14. Nc3 Qb6 15. Na4 Qc7 16. Nc5 (16. d5 $11 Bd7 17. Nc3) 16... Bf5 17. Nb3 a5 18. d5 Qe5+ (18... Rfd8 $17) 19. Be2 Qxb2 20. Qxb2 Bxb2 $15 21. Nd4 Rac8 22. Nxf5 gxf5 23. Rb1 Bc3+ 24. Kd1 Rc7 25. Kc2 Bb4 26. Kb3 b5 27. Rbc1 Rfc8 28. a4 bxc4+ 29. Rxc4 Rc6 30. Rc5 R6c7 31. Rc4 Rxc4 32. Bxc4 Kg7 33. Rd1 Kf6 34. Rd4 h6 1/2-1/2

[Event "22nd Hoogeveen Open 2018"]
[Site "Hoogeveen"]
[Date "2018.10.21"]
[Round "2"]
[White "Biermann, Lenhard"]
[Black "Van Randtwijk, Mick"]
[Result "0-1"]
[ECO "E11"]
[WhiteElo "2153"]
[BlackElo "1979"]
[Annotator "NA"]
[PlyCount "84"]
[EventDate "2018.10.20"]
[EventType "swiss"]
[EventCountry "NED"]
[SourceTitle "playchess.com"]
[Source "ChessBase"]
[SourceQuality "1"]
[TimeControl "40/5400+30:1800+30"]

1. d4 Nf6 2. Nf3 e6 3. c4 Bb4+ 4. Nbd2 O-O 5. a3 {[%emt 0:00:09] LiveBook: 1841 Games} Be7 6. e4 c5 {[%emt 0:00:29] E11: Bogo-Indian} (6... d5 7. e5 Nfd7 8. Bd3 c5 9. h4 g6 10. O-O Nc6 11. Nb3 dxc4 12. Bxc4 cxd4 13. Re1 a5 14. Bh6 Re8 15. Rc1 Nb6 {1-0 (39) Ding,L (2804)-Saric,I (2689) Batumi 2018}) 7. e5 Ne8 8. Bd3 $146 ({Predecessor:} 8. dxc5 Bxc5 9. Bd3 Be7 10. Qc2 h6 11. O-O b6 12. Ne4 Bb7 13. Bf4 f5 14. exf6 Nxf6 15. Nxf6+ Rxf6 {½-½ (29) Can,E (2555)-Stupak,K (2567) Moscow 2015}) 8... cxd4 9. Nxd4 d6 10. exd6 Nxd6 11. O-O b6 12. b4 Bf6 13. Bb2 Bb7 14. Qc2 h6 15. Rad1 ({White should try} 15. c5 $14 Ne8 16. N2b3) 15... Nd7 16. Ne4 Nxe4 17. Bxe4 Bxe4 18. Qxe4 Rc8 19. Rc1 Qc7 20. Rfd1 Rfd8 21. Nb5 Qb8 22. Qe2 {[%emt 0:00:14] [#]} Bxb2 $1 23. Qxb2 Ne5 24. Rxd8+ Rxd8 25. Qe2 a6 26. Nc3 Qc7 27. Ne4 Nd3 28. Rc3 {[%emt 0:02:11] [#]} Nf4 $1 29. Qf3 Qe5 30. g3 $17 Qxe4 31. gxf4 Qb1+ 32. Kg2 Rd1 33. f5 exf5 34. Qe2 f4 35. Rc2 Rg1+ 36. Kh3 Rg6 37. Qe4 Qd1 38. Qe8+ Kh7 39. Qe2 Qd7+ 40. Kh4 Qd8+ 41. Kh3 Qg5 42. c5 Qg2+ 0-1